 Dungeon Crawl Stone Soup version 0.27.1-34-g3ba077fa99 (webtiles) character file.

Game seed: 4236388396703068675

10 Karpo the Sneak (level 2, -1/13 HPs)
             Began as a Spriggan Enchanter on Jan 26, 2022.
             Succumbed to a kobold's poison
             ... on level 1 of the Dungeon.
             The game lasted 00:01:06 (502 turns).

Karpo the Sneak (Spriggan Enchanter)                 Turns: 502, Time: 00:01:06

Health: -1/13      AC:  3    Str:  3 (4)  XL:     2   Next: 10%
Magic:  6/6        EV: 17    Int: 13 (16) God:
Gold:   4          SH:  0    Dex: 14 (15) Spells: 3/6 levels left

rFire    . . .     SeeInvis +   a - +1 dagger
rCold    . . .     Faith    .   (shield restricted)
rNeg     . . .     Spirit   .   b - +0 robe
rPois    .         Reflect  .   (helmet restricted)
rElec    .         Harm     .   e - +0 cloak
rCorr    .         Rampage  .   (gloves unavailable)
Will     .....                  (boots unavailable)
Stlth    +++.......             (no amulet)
HPRegen  0.04/turn              (no ring)
MPRegen  0.10/turn              (no ring)

@: lethally poisoned (-1 -> -12), very quick
A: very small, no large weapons, unfitting armour, see invisible, speed 3
a: no special abilities


You were on level 1 of the Dungeon.
You visited 1 branch of the dungeon, and saw 2 of its levels.

You collected 4 gold pieces.

Inventory:

Hand Weapons
 a - a +1 dagger (weapon)
Armour
 b - a +0 robe (worn)
 e - a +0 cloak (worn)
Potions
 d - a potion of heal wounds {unknown}
 f - a potion of curing {unknown}


   Skills:
 + Level 1.8 Short Blades
 - Level 2.6 Dodging
 + Level 5.0 Stealth
 - Level 2.6 Spellcasting
 - Level 3.6 Hexes


You had 3 spell levels left.
You knew the following spells:

 Your Spells              Type           Power      Damage    Failure   Level
a - Corona                Hex            12%        N/A       5%          1
b - Ensorcelled Hibernat  Hex/Ice        12%        N/A       17%         2

Your spell library contained the following spells:

 Spells                   Type           Power      Damage    Failure   Level
 Confusing Touch          Hex            11%        N/A       16%         3
 Tukima's Dance           Hex            11%        N/A       16%         3
 Dazzling Flash           Conj/Hex       12%        N/A       34%         3
 Summon Guardian Golem    Hex/Summ       6%         N/A       34%         3
 Orb of Destruction       Conj           0%         N/A       100%        7
 Spellforged Servitor     Conj/Summ      0%         N/A       100%        7


Dungeon Overview and Level Annotations

Branches:
Dungeon (2/15)

Altars:


Innate Abilities, Weirdness & Mutations

You are very small and have problems with some larger weapons.
You are too small for most types of armour.
You have supernaturally acute eyesight. (SInv)
You cover ground extremely quickly. (Speed+++)


Message History

There is a stone staircase leading down here.
You see here 16 stones.
A ball python comes into view.
The ball python hisses angrily.
The ball python closely misses you. The ball python misses you.
You hit the ball python.
You kill the ball python!
A quokka comes into view.
Found a stone staircase leading down.
A kobold comes into view. It is wielding a +3 dagger of venom.
The helpless quokka fails to defend itself.
You impale the quokka!!
You kill the quokka!
Your Stealth skill increases to level 5!
You have reached level 2!
Memorise Ensorcelled Hibernation, consuming 2 spell levels and leaving 3?
You start memorising the spell.
You continue memorising. x2
You finish memorising.
Spell assigned to 'b'.
Found a short sword.
The kobold shouts!
The kobold completely misses you.
You barely miss the kobold. The kobold hits you but does no damage.
You are poisoned.
You hit the kobold but do no damage.
You feel very sick. The kobold closely misses you.
You closely miss the kobold.
You feel sick.
The kobold hits you with a +3 dagger of venom.
You are more poisoned.
You hit the kobold.
The kobold is moderately wounded.
You feel very sick.
You hit the kobold.
You kill the kobold!
* * * LOW HITPOINT WARNING * * *
You feel very sick.
It was a potion of degeneration.
There was something very wrong with that liquid.
You feel weakened.
You feel dopey.
You feel clumsy.
You die...

#)......#.# .# #
##>#.###..# #.#.##
##..## ##.# ##.....
....# #.###.># .#
###.# ##.....###.#
# ##.###..###..#..#
# #.....# ##...# #
####..#####.####..#
# #........@).)..#
# #.######.#####.#
########.# #.#
.........# #.#
.######..######.#
................#
.#######..#######
## #..# # #..#


There were no monsters in sight!

Vanquished Creatures
  An endoplasm (D:1)
  A giant cockroach (D:1)
  A goblin (D:1)
  A kobold (D:1)
  A quokka (D:1)
  2 ball pythons (D:1)
  A bat (D:1)
  A frilled lizard (D:1)
  A rat (D:2)
10 creatures vanquished.

Notes
Turn   | Place    | Note
-------+----------+-------------------------------------------
     0 | D:1      | Karpo the Spriggan Enchanter began the quest for the Orb.
     0 | D:1      | Reached XP level 1. HP: 9/9 MP: 5/5
   490 | D:1      | Reached skill level 5 in Stealth
   490 | D:1      | Reached XP level 2. HP: 13/13 MP: 6/6
   493 | D:1      | Learned a level 2 spell: Ensorcelled Hibernation
   502 | D:1      | Succumbed to a kobold's poison

Illustrated notes

Levels and vault maps discovered:
D:1:      kennysheep_arrival_forest, layout_loops_ring,
          hellmonk_ecumenical_altar_arch_garden, minmay_tetromino_t4
D:2:      layout_basic, basic_altar, uniq_terence

Skill      XL: |  1 |
---------------+----+-----
Stealth        | 5 |  5.0
Short Blades   | |  1.8
Dodging        | |  2.6
Spellcasting   | |  2.6
Hexes          | |  3.6

Action                   || total
-------------------------++-------
Melee: Dagger            ||    36
  Use: Potion            ||     1
 Stab: Sleeping          ||     3
Armor: Robe              ||     4
Dodge: Dodged            ||    27
